 Dungeon Crawl Stone Soup version 0.30.1-3-gfc49f6343a (webtiles) character file.

Game seed: 12632318451492315306

32 LynnLen the Sneak (level 3, 0/16 HPs)
             Began as a Spriggan Enchanter on Aug 5, 2023.
             Slain by Natasha (6 damage)
             ... on level 2 of the Dungeon.
             The game lasted 00:04:43 (1491 turns).

LynnLen the Sneak (Spriggan Enchanter)              Turns: 1491, Time: 00:04:44

Health: 0/16       AC:  2    Str:  4    XL:     3   Next: 10%
Magic:  1/8        EV: 17    Int: 18    God:
Gold:   74         SH:  0    Dex: 15    Spells: 0/8 levels left

rFire   . . .        a - +1 dagger
rCold   . . .        (no shield)
rNeg    . . .        b - +0 robe
rPois   .            (helmet restricted)
rElec   .            (no cloak)
rCorr   .            (gloves unavailable)
SInv    +            (boots unavailable)
Will    .....        (no amulet)
Stlth   +++          (no ring)
HPRegen 0.22/turn    (no ring)
MPRegen 0.11/turn

%: no passive effects
@: very slightly contaminated, very quick
A: very small, no large weapons, unfitting armour, see invisible, speed 3
a: no special abilities


You were on level 2 of the Dungeon.
You visited 1 branch of the dungeon, and saw 2 of its levels.

You collected 74 gold pieces.

Inventory:

Hand Weapons
 a - a +1 dagger (weapon)
Armour
 b - a +0 robe (worn)
Scrolls
 e - a scroll of noise {unknown}
 h - a scroll of poison {unknown}
 i - a scroll of immolation {unknown}
Potions
 c - 2 potions of invisibility
 d - 2 potions of attraction
 f - 2 potions of lignification {unknown}
 g - a potion of mutation {unknown}


   Skills:
 + Level 1.7 Short Blades
 + Level 3.0 Dodging
 + Level 4.7 Stealth
 + Level 3.0 Spellcasting
 * Level 4.2 Hexes
 * Level 0.0 Ice Magic


You couldn't memorise any spells.
You knew the following spells:

 Your Spells              Type           Power      Damage    Failure   Level
a - Ensorcelled Hibernat  Hex/Ice        20%        N/A       11%         2
b - Confusing Touch       Hex            18%        N/A       9%          3
c - Tukima's Dance        Hex            18%        N/A       9%          3

Your spell library contained the following spells:

 Spells                   Type           Power      Damage    Failure   Level
 Magic Dart               Conj           8%         1d3       16%         1
 Dazzling Flash           Conj/Hex       20%        N/A       21%         3
 Call Imp                 Summ           4%         N/A       24%         2
 Mephitic Cloud           Conj/Pois/Air  2%         N/A       43%         3
 Olgreb's Toxic Radiance  Pois           2%         N/A       85%         4
 Discord                  Hex            9%         N/A       100%        8
 Ignition                 Fire           1%         3d3       100%        8


Dungeon Overview and Level Annotations

Branches:
Dungeon (2/15)

Altars:

Shops:
D:1 (   D:2 ![

Annotations:
D:2 Natasha


Innate Abilities, Weirdness & Mutations

You are very small and have problems with some larger weapons.
You are too small for most types of armour.
You have supernaturally acute eyesight. (SInv)
You cover ground extremely quickly. (Speed+++)


Message History

Press: ? - help, Q - select action Shift-Dir - straight line, f/p - Natasha
Aim: Natasha (chance to affect: 44%) Natasha resists with some effort.
Natasha misses you.
Unknown command.
Aiming: Ensorcelled Hibernation (safe; 11% risk of failure)
Press: ? - help, Q - select action Shift-Dir - straight line, f/p - Natasha
Aim: Natasha (chance to affect: 44%)
You miscast Ensorcelled Hibernation.
Nothing appears to happen.
Natasha claws you.
Unknown command.
You don't have enough magic to cast this spell.
You hit Natasha.
Natasha is moderately wounded.
Natasha closely misses you.
You hit Natasha.
Natasha is heavily wounded.
Natasha barely misses you.
You hit Natasha.
Natasha is severely wounded.
Natasha claws you.
You closely miss Natasha.
Natasha is severely wounded.
Natasha barely misses you.
You hit Natasha.
Natasha is severely wounded.
Natasha closely misses you.
You barely miss Natasha.
Natasha is severely wounded.
Natasha claws you.
You hit Natasha but do no damage.
Natasha is severely wounded.
Natasha mumbles some strange words.
You hit Natasha but do no damage.
Natasha is severely wounded.
Natasha closely misses you.
You hit Natasha but do no damage.
Natasha is severely wounded.
The cerulean imp barely misses you. Natasha claws you.
You die...

#.# ### #.# ...
#.### #.# #...
#.# #..# #r#
#..# #h# #..#
#@# #.†#
#5#######..#
#..........# #
##.###8###.# #
#..##.###.# #
##.8.∩<8..# #
####.###.######.
# #8##......†..
# #)...........


You could see Natasha, a cerulean imp (summoned) and a rat.

Vanquished Creatures
  An adder (D:2)
  A dart slug (D:2)
  3 ball pythons
  5 bats
  3 endoplasms
  2 goblins (D:1)
  A hobgoblin (D:2)
  4 frilled lizards
  2 rats (D:1)
22 creatures vanquished.

Notes
Turn   | Place    | Note
-------+----------+-------------------------------------------
     0 | D:1      | LynnLen the Spriggan Enchanter began the quest for the Orb.
     0 | D:1      | Reached XP level 1. HP: 9/9 MP: 5/5
    99 | D:1      | Found Pynta's Antique Weapon Shop.
   282 | D:1      | Reached XP level 2. HP: 13/13 MP: 6/6
   285 | D:1      | Learned a level 2 spell: Ensorcelled Hibernation
   929 | D:1      | Found a faded altar of an unknown god.
  1029 | D:1      | You fall into a shaft and drop 1 floor!
  1029 | D:2      | Found Ogexkiy's Distillery.
  1429 | D:2      | Reached XP level 3. HP: 16/16 MP: 8/8
  1433 | D:2      | Learned a level 3 spell: Confusing Touch
  1437 | D:2      | Learned a level 3 spell: Tukima's Dance
  1443 | D:2      | Found Ofoleyb's Armour Emporium.
  1471 | D:2      | Noticed Natasha
  1491 | D:2      | Slain by Natasha

Illustrated notes

Levels and vault maps discovered:
D:1:      lemuel_arrival_broad_hall, layout_rooms,
          shapermc_ecumenical_altar_ellora, serial_forest,
          infiniplex_forest_lined_room_, infiniplex_forest_end_1,
          infiniplex_forest_split, infiniplex_forest_clump_diagonal,
          infiniplex_forest_clump_tiny, infiniplex_forest_straight_4,
          infiniplex_forest_clump_large, serial_shops, shop
D:2:      layout_loops_ring, serial_shops, nicolae_shop_statue_plus,
          nicolae_shop_trees, uniq_natasha

Skill      XL: |  1  2 |
---------------+-------+-----
Hexes          | 4 |  4.2
Dodging        | 3 |  3.0
Spellcasting   | 3 |  3.0
Short Blades   | |  1.7
Stealth        | |  4.7

Action                     || total
---------------------------++-------
  Melee: Dagger            ||   383
         Punch             ||     5
   Cast: Ensorcelled Hiber ||     5
    Use: Scroll            ||     1
   Stab: Sleeping          ||     9
 Armour: Robe              ||     8
  Dodge: Dodged            ||    60
